 Dungeon Crawl Stone Soup version 0.30-a0-862-g1aabd4f9c5 (webtiles) character file.

Game seed: 10966275969600585166

23 jasper the Trooper (level 2, 0/24 HPs)
             Began as a Demonspawn Fighter on Mar 9, 2023.
             Slain by a worm (6 damage)
             ... on level 1 of the Dungeon.
             The game lasted 00:02:41 (806 turns).

jasper the Trooper (Demonspawn Fighter)              Turns: 806, Time: 00:02:42

Health: 0/24       AC:  9    Str: 16    XL:     2   Next: 72%
Magic:  2/2        EV:  8    Int:  9    God:
Gold:   31         SH:  4    Dex: 12    Spells: 1/1 levels left

rFire   . . .      SeeInvis .      - Unarmed
rCold   . . .      Faith    .    b - +0 buckler
rNeg    . . .      Spirit   .    a - +0 scale mail
rPois   .          Reflect  .    e - +0 helmet
rElec   .          Rampage  .    (no cloak)
rCorr   .                        (no gloves)
Will    .....                    (no boots) Stlth
                                 (no amulet)
HPRegen 0.24/turn                (no ring)
MPRegen 0.08/turn                (no ring)

@: no status effects
A: thin metallic scales 1
a: no special abilities


You were on level 1 of the Dungeon.
You visited 1 branch of the dungeon, and saw 2 of its levels.

You collected 31 gold pieces.

Inventory:

Hand Weapons
 d - a +1 short sword of speed
Armour
 a - a +0 scale mail (worn)
 b - a +0 buckler (worn)
 e - a +0 helmet (worn)
Scrolls
 k - a scroll of teleportation
Potions
 c - a potion of might
 h - a potion of heal wounds
 l - a potion of curing


   Skills:
 - Level 3.0 Fighting
 - Level 2.6 Armour
 + Level 3.0 Shields
 * Level 2.7 Unarmed Combat


You had one spell level left.
You didn't know any spells.
Your spell library contained the following spells:

 Spells                   Type           Power      Damage    Failure   Level
 Gell's Gravitas          Tloc           0%         N/A       99%         3
 Teleport Other           Tloc           0%         N/A       99%         3
 Dispersal                Tloc           0%         N/A       100%        6


Dungeon Overview and Level Annotations

Branches:
Dungeon (2/15)

Altars:


Innate Abilities, Weirdness & Mutations

You are partially covered in thin metallic scales. (AC +2)


Message History

The worm is severely wounded.
A hobgoblin comes into view.
The worm bites you.
You take 3 damage, and have 11/24 hp.
You hit the worm.
The worm is almost dead.
You hit the worm but do no damage.
The worm is almost dead.
The worm closely misses you.
You hit the worm but do no damage.
The worm is almost dead.
You barely miss the worm.
The worm is almost dead.
The worm bites you.
You take 3 damage, and have 9/24 hp.
You hit the worm but do no damage.
The worm is almost dead.
The worm bites you but does no damage.
You climb upwards.
There is a stone staircase leading down here.
You barely miss the worm.
The worm is severely wounded.
You block the worm's attack.
You barely miss the worm.
The worm is severely wounded.
You hit the worm.
The worm is severely wounded.
The worm bites you.
You take 2 damage, and have 8/24 hp.
You barely miss the worm.
The worm is severely wounded.
The worm bites you.
* * * LOW HITPOINT WARNING * * *
You take 2 damage, and have 6/24 hp.
You hit the worm.
The worm is almost dead.
You hit the worm.
The worm is almost dead.
The worm bites you.
You die...

#.#.#..#.............#..##
##.#....##...........##...# ##
###..##...###.........###...# .##
#...###...# ##.......## #...#
..###.### ##..#######.#######...#
......#### #.......#...#.......)#
.........###........#.#.........#
##.....#....#######..#..###...#.#
#..#...........w@รท............#.#
#.####..###.#########.#####...#..
#.# ##.###.##### ### ######. #.#
#.##......###### ####. ..#
#.#..####......########....
#######...## ######..)...##.....
..>......## ######.#......
########..## #.#...... ##..#
#........


You could see a worm.

Vanquished Creatures
  An endoplasm (D:1)
  3 goblins (D:1)
  6 jackals (D:1)
  3 quokkas
  2 ball pythons (D:1)
  A bat (D:1)
  3 frilled lizards (D:1)
  A rat (D:1)
20 creatures vanquished.

Notes
Turn   | Place    | Note
-------+----------+-------------------------------------------
     0 | D:1      | jasper the Demonspawn Fighter began the quest for the Orb.
     0 | D:1      | Reached XP level 1. HP: 18/18 MP: 1/1
   387 | D:1      | Gained mutation: You are partially covered in thin metallic
                  | scales. (AC +2) [demonic ancestry]
   387 | D:1      | Reached XP level 2. HP: 17/24 MP: 2/2
   806 | D:1      | Slain by a worm

Illustrated notes

Levels and vault maps discovered:
D:1:      psy_arrival_dodecagon, layout_rooms
D:2:      layout_basic, basic_altar, chequers_serial_rivers_small_a

Skill      XL: |  1  2 |
---------------+-------+-----
Unarmed Combat | 2 |  2.7
Shields        | 3 |  3.0
Fighting       | |  3.0
Armour         | |  2.6

Action                     || total
---------------------------++-------
  Melee: Unarmed           ||   111
  Throw: Stone             ||     6
         Dart              ||     8
    Use: Scroll            ||     6
 Armour: Scale mail        ||    42
  Dodge: Dodged            ||    42
  Block: Buckler           ||    22

Table legend: (Time is in decaauts)
 A = Elapsed time spent in this place.
 B = Non-inter-level travel time spent in this place.
 C = Inter-level travel time spent in this place.
 D = Time resting spent in this place.
 E = Time spent auto-exploring this place.
 F = Levels seen in this place.
 G = Mean time per level.
                   A        B        C        D        E       F      G
               +--------+--------+--------+--------+--------+-----+--------+
         Total |    807 |    745 |     62 |      7 |    460 |   2 |  403.5 |
       Dungeon |    807 |    745 |     62 |      7 |    460 |   2 |  403.5 |
               +--------+--------+--------+--------+--------+-----+--------+

Top non-repeatable levels by time:
     D:1: 759 daAuts
     D:2: 48 daAuts
